 Dungeon Sprint DCSS version 0.25.1-2-g60ff931df9 (webtiles) character file.

Game seed: 4676883825108703875

61 sahdkjhfkaj the Gusty (level 3, 0/45 HPs)
             Began as a Centaur Air Elementalist on Oct 7, 2020.
             Succumbed to a worker ant's poison
             ... in the Dungeon (Sprint IX: "|||||||||||||||||||||||||||||").
             The game lasted 00:00:48 (414 turns).

sahdkjhfkaj the Gusty (Centaur Air Elementalist)     Turns: 414, Time: 00:00:48

Health: 0/45       AC:  4    Str: 10    XL:     3   Next: 83%
Magic:  1/7        EV:  9    Int: 15    God:
Gold:   0          SH:  0    Dex:  9    Spells: 6/7 levels left

rFire    . . .     SeeInvis .   (no weapon)
rCold    . . .     Gourm    .   (no shield)
rNeg     . . .     Faith    .   a - +0 robe
rPois    .         Spirit   .   (no helmet)
rElec    .         Reflect  .   (no cloak)
rCorr    .         Harm     .   (no gloves)
MR       .....     NoTele   +   (no barding)
Stlth    ..........             (no amulet)
HPRegen  0.15/turn              (no ring)
MPRegen  0.10/turn              (no ring)

@: berserking, lethally poisoned (0 -> -2), very quick
A: large, hooves 3, deformed body, speed 2, tough skin 3
a: no special abilities


You were in the Dungeon.
You were not hungry.

You visited 1 branch

Inventory:

Armour
 a - a +0 robe (worn)
Scrolls
 i - a scroll of blinking
Potions
 d - a potion of curing
 e - a potion of heal wounds
 f - a potion of haste
 g - 2 potions of magic
Comestibles
 c - a ration


   Skills:
 + Level 2.7 Fighting
 - Level 1.3 Dodging
 - Level 1.1 Stealth
 + Level 2.7 Spellcasting
 * Level 4.0 Conjurations
 * Level 4.7 Air Magic


You had 6 spell levels left.
You knew the following spells:

 Your Spells              Type           Power        Failure   Level  Hunger
a - Shock                 Conj/Air       ###.         3%          1    #......

Your spell library contained the following spells:

 Spells                   Type           Power        Failure   Level  Hunger
 Static Discharge         Conj/Air       ###.....     11%         3    ###....
 Swiftness                Chrm/Air       #.......     12%         2    ##.....
 Airstrike                Air            ###.......   28%         4    #####..
 Lightning Bolt           Conj/Air       ###.......   67%         5    ######.


Dungeon Overview and Level Annotations

Branches:
Dungeon (1/1)

Altars:


Innate Abilities, Weirdness & Mutations

You have hooves in place of feet.
Armour fits poorly on your strangely shaped body.
You cover ground very quickly.
You have extremely tough skin. (AC +3)


Message History

You feel clever.
You feel sick. The iguana bites you.
Things that are here:
a +0 dagger; a worker ant corpse; a kobold skeleton You hit the iguana.
Your kick misses the iguana.
The iguana is moderately wounded.
You punch the iguana!
The iguana is almost dead.
The iguana bites you!
* * * LOW HITPOINT WARNING * * *
You hit the iguana.
The iguana is almost dead.
The iguana bites you.
* * * LOW HITPOINT WARNING * * *
You closely miss the iguana.
The iguana is almost dead.
You closely miss the iguana. You kick the iguana.
You kill the iguana!
Your Conjurations skill increases to level 4!
You die... ▓▓▓▓▓▓▓▓▓▓▓▓▓▓▓▓▓▓ ▓<@.('.....÷..†..+ ▓▓▓▓▓▓▓▓▓▓▓▓▓▓▓▓▓▓

There were no monsters in sight!

Vanquished Creatures
  An iguana (D)
  A worker ant (D)
  2 dart slugs (D)
  2 leopard geckos (D)
  2 kobolds (D)
  A rat (D)
9 creatures vanquished.

Notes
Turn   | Place    | Note
-------+----------+-------------------------------------------
     0 | D        | sahdkjhfkaj the Centaur Air Elementalist began the quest
                  | for the Orb.
     0 | D        | Reached XP level 1. HP: 14/14 MP: 3/3
     5 | D        | Reached skill level 1 in Conjurations
    44 | D        | Reached skill level 1 in Fighting
    49 | D        | Reached XP level 2. HP: 20/23 MP: 0/5
   408 | D        | Reached XP level 3. HP: 19/29 MP: 0/6
   412 | D        | HP: 1/43 [iguana (6)]
   414 | D        | Succumbed to a worker ant's poison

Illustrated notes

Levels and vault maps discovered:
D:        linesprint [early_d, line_temple, items_1, d_10, items_2, lair_1,
          lair_end, items_3, orc_1, orc_end, items_4, d_15, swamp_1, shoals_1,
          snake_1, spider_1, d_20, vaults_1, items_5, swamp_end, shoals_end,
          snake_end, spider_end, vaults_end, d_27, items_6, zot_1, zot_end,
          crypt_end, forest_end, elf_end, slime_end, tomb_end, abyss_end,
          pan_hell_end]

Skill      XL: |  1  2  3 |
---------------+----------+-----
Conjurations   | 2 3 4 |  4.0
Air Magic      | 3 4 |  4.7
Fighting       | 1 2 |  2.7
Spellcasting   | 2 |  2.7
Dodging        | |  1.3
Stealth        | |  1.1

Action                   || total
-------------------------++-------
Melee: Unarmed           ||    17
       Kick              ||     3
 Cast: Shock             ||    15
  Use: Potion            ||     1
Armor: Robe              ||     5
Dodge: Dodged            ||     7
